 Dungeon Crawl Stone Soup version 0.31.0-12-g77e489cdc1 (webtiles) character file.

Game seed: 17093243562747557863

1563 octoduck the Vexing (level 8, -3/61 HPs)
             Began as a Gnoll Hexslinger on Mar 6, 2024.
             Was a Follower of Fedhas.
             Slain by a black bear (12 damage)
             ... on level 6 of the Dungeon on Mar 7, 2024.
             The game lasted 00:34:42 (6312 turns).

octoduck the Vexing (Gnoll Hexslinger)              Turns: 6312, Time: 00:34:44

Health: -3/61      AC:  4    Str:  7    XL:     8   Next: 89%
Magic:  11/15      EV: 14    Int: 13    God:    Fedhas [*.....]
Gold:   279        SH:  0    Dex: 17    Spells: 2/16 levels left

rFire   . . .        a - +1 sling
rCold   . . .        (no shield)
rNeg    + . .        d - +0 leather armour
rPois   .            s - +0 helmet
rElec   .            (no cloak)
rCorr   .            (no gloves)
SInv    .            (no boots)
Will    .....        (no amulet)
Stlth   ++           k - ring of positive energy
HPRegen 0.30/turn    (no ring)
MPRegen 0.14/turn

%: no passive effects
@: weak-willed, on blink cooldown
A: fangs 1, strong nose, distributed training
a: Renounce Religion


You were on level 6 of the Dungeon.
You worshipped Fedhas.
Fedhas was aware of your devotion.
You visited 2 branches of the dungeon, and saw 7 of its levels.

You collected 279 gold pieces.

Inventory:

Hand Weapons
 a - a +1 sling (weapon)
 b - a +2 short sword of flaming
 t - a +2 whip of holy wrath
Missiles
 p - 8 poisoned darts
Armour
 c - a +0 robe
 d - a +0 leather armour (worn)
 f - a +0 chain mail
 o - a +2 tower shield of fire resistance
 s - a +0 helmet (worn)
Jewellery
 k - a ring of positive energy (left hand)
Talismans
 e - a maw talisman
Scrolls
 g - a scroll of immolation
 l - a scroll of noise
 n - 3 scrolls of poison
 q - a scroll of fog {unknown}
Potions
 i - a potion of enlightenment
 j - a potion of ambrosia {unknown}
 r - a potion of haste {unknown}
 u - a potion of brilliance {unknown}


   Skills:
 + Level 4.6 Fighting
 + Level 3.8 Short Blades
 + Level 3.8 Long Blades
 + Level 3.8 Axes
 + Level 3.8 Maces & Flails
 + Level 3.8 Polearms
 + Level 3.8 Staves
 + Level 6.0 Ranged Weapons
 + Level 3.8 Throwing
 + Level 3.8 Armour
 + Level 6.0 Dodging
 + Level 3.8 Stealth
 + Level 3.8 Shields
 + Level 3.8 Unarmed Combat
 + Level 4.8 Spellcasting
 + Level 3.1 Conjurations
 + Level 6.3 Hexes
 + Level 3.1 Summonings
 + Level 3.1 Necromancy
 + Level 3.1 Translocations
 + Level 3.8 Fire Magic
 + Level 3.1 Ice Magic
 + Level 3.1 Air Magic
 + Level 3.1 Earth Magic
 + Level 3.1 Alchemy
 + Level 4.2 Invocations
 + Level 3.8 Evocations
 + Level 3.4 Shapeshifting


You had 2 spell levels left.
You knew the following spells:

 Your Spells              Type           Power      Damage    Failure   Level
a - Jinxbite              Hex            38%        N/A       3%          2
b - Sandblast             Erth           22%        2d7       8%          1
c - Sigil of Binding      Hex            19%        N/A       6%          3
d - Blink                 Tloc           22%        N/A       12%         2
e - Inner Flame           Hex/Fire       16%        N/A       11%         3
f - Volatile Blastmotes   Fire/Tloc      24%        2d12      21%         3

Your spell library contained the following spells:

 Spells                   Type           Power      Damage    Failure   Level
 Lesser Beckoning         Tloc           22%        N/A       12%         2
 Momentum Strike          Conj/Tloc      22%        3d8       12%         2
 Static Discharge         Conj/Air       22%        3-4/arc   12%         2
 Dazzling Flash           Conj/Hex       30%        N/A       12%         3
 Cause Fear               Hex            9%         N/A       21%         4
 Passwall                 Erth           11%        N/A       22%         3
 Stone Arrow              Conj/Erth      22%        3d8       22%         3
 Dimensional Bullseye     Hex/Tloc       7%         N/A       36%         4
 Airstrike                Air            5%         2d(1-17)  58%         4
 Brom's Barrelling Bould  Conj/Erth      11%        2d3       58%         4
 Summon Lightning Spire   Summ/Air       11%        N/A       58%         4
 Starburst                Conj/Fire      6%         6d4       100%        6
 Maxwell's Capacitive Co  Air            5%         ∞         100%        8


Dungeon Overview and Level Annotations

Branches:
Dungeon (6/15)             Temple (1/1) D:5

Altars:
Ashenzari
Dithmenos
Fedhas
Gozag
Hepliaklqana
Kikubaaqudgha
Makhleb
Ru
Trog
Vehumet
Wu Jian
Xom
Yredelemnul
Zin
The Shining One

Shops:
D:2 :

Annotations:
D:2 exclusion: downstairs, Sigmund
D:5 Eustachio, Grinder


Innate Abilities, Weirdness & Mutations

You have very sharp teeth.
Your uncanny sense of smell can sniff out nearby items.
Your experience applies equally to all skills.


Message History

You shoot a sling bullet. The sling bullet hits the black bear.
The black bear is severely wounded.
The black bear bites you. The black bear completely misses you.
The black bear claws you.
Fire: a) +1 sling
Press: ? - help, Q - select action, (/) - cycle Shift-Dir - straight line, f/p - black bear
Aim: a black bear (severely wounded, covering ground quickly, 71% to hit)
You shoot a sling bullet.
The sling bullet barely misses the black bear.
The black bear bites you. The black bear barely misses you.
The black bear claws you.
Casting: Sigil of Binding (dangerous; 6% risk of failure)
Confirm with . or Enter, or press ? or * to list all spells.
You blink.
The black bear goes berserk!
The black bear has too much momentum for your sigil to bind it!
The black bear bites you!
The black bear claws you but does no damage.
The black bear claws you.
The black bear bites you but does no damage.
The black bear claws you but does no damage.
The black bear closely misses you.
Okay, then.
Okay, then.
Okay, then.
As you read the scroll labelled RIAFUT ZEVIA, it crumbles to dust.
Your body is wracked with pain!
The black bear convulses!
It was a scroll of torment.
Your binding sigil disappears.
The black bear misses you. x2
The black bear claws you but does no damage.
As you read the scroll labelled JEN AZAISMICUO, it crumbles to dust.
It is a scroll of amnesia.
Okay, then.
The black bear bites you!
* * * LOW HITPOINT WARNING * * *
The black bear claws you.
* * * LOW HITPOINT WARNING * * *
The black bear barely misses you. The black bear bites you!
You die...
Fedhas appreciates your contribution to the ecosystem.

.... ##............#
..... ##.............#
..... #..............#
..... #..............#
.).####..............#
#..###............##
##................#
#.....#...........#
#...###@.#..........#
#.... ##h#.........##
#..... #.<#........#
....... ##.##......##
.#..... #..##.#####
#.)... ##.#### #..#
#### ##.#####..## ∆
#.........##


You could see a black bear (berserk, swift).

Vanquished Creatures
  An ice beast (D:5)
  A hornet zombie (D:5)
  An ogre (D:5)
  A phantom (D:5)
  A kobold brigand (D:4)
  3 necrophages (D:4)
  3 scorpions
  A wight (D:6)
  2 water moccasin zombies
  A howler monkey (D:4)
  A bombardier beetle (D:4)
  A bullfrog zombie (D:5)
  A jelly (D:4)
  An orc priest (D:5)
  2 iguanas
  A scorpion zombie (D:4)
  An orc wizard (D:2)
  2 hound zombies (D:5)
  A howler monkey zombie (D:5)
  7 adders
  3 gnolls
  2 adder zombies (D:4)
  4 ribbon worms
  4 dart slugs
  20 orcs
  8 endoplasms
  2 giant cockroaches
  8 goblins
  4 hobgoblins (D:2)
  3 jackals (D:4)
  6 kobolds
  4 quokkas
  5 ball pythons
  6 bats
  4 frilled lizards
  6 rats
122 creatures vanquished.

Vanquished Creatures (collateral kills)
  A black bear (D:4)
  An adder (D:5)
2 creatures vanquished.

Vanquished Creatures (others)
  An orc wizard (D:5)
1 creature vanquished.

Grand Total: 125 creatures vanquished

Notes
Turn   | Place    | Note
-------+----------+-------------------------------------------
     0 | D:1      | octoduck the Gnoll Hexslinger began the quest for the Orb.
     0 | D:1      | Reached XP level 1. HP: 17/17 MP: 4/4
   118 | D:1      | Learned a level 1 spell: Sandblast
   426 | D:1      | Reached XP level 2. HP: 21/23 MP: 3/5
   430 | D:1      | Learned a level 2 spell: Jinxbite
   815 | D:1      | Reached XP level 3. HP: 28/28 MP: 7/7
  1100 | D:2      | Reached skill level 1 in Invocations
  1120 | D:2      | Reached skill level 1 in Short Blades
  1120 | D:2      | Reached skill level 1 in Long Blades
  1120 | D:2      | Reached skill level 1 in Axes
  1120 | D:2      | Reached skill level 1 in Maces & Flails
  1120 | D:2      | Reached skill level 1 in Polearms
  1120 | D:2      | Reached skill level 1 in Staves
  1120 | D:2      | Reached skill level 1 in Throwing
  1120 | D:2      | Reached skill level 1 in Armour
  1120 | D:2      | Reached skill level 1 in Stealth
  1120 | D:2      | Reached skill level 1 in Shields
  1120 | D:2      | Reached skill level 1 in Unarmed Combat
  1120 | D:2      | Reached skill level 1 in Evocations
  1327 | D:2      | Reached skill level 1 in Shapeshifting
  1327 | D:2      | Reached XP level 4. HP: 34/34 MP: 5/8
  1369 | D:2      | Reached skill level 1 in Conjurations
  1369 | D:2      | Reached skill level 1 in Summonings
  1369 | D:2      | Reached skill level 1 in Necromancy
  1369 | D:2      | Reached skill level 1 in Translocations
  1369 | D:2      | Reached skill level 1 in Ice Magic
  1369 | D:2      | Reached skill level 1 in Air Magic
  1369 | D:2      | Reached skill level 1 in Earth Magic
  1369 | D:2      | Reached skill level 1 in Alchemy
  1471 | D:2      | Reached XP level 5. HP: 40/40 MP: 6/9
  1551 | D:2      | Learned a level 3 spell: Sigil of Binding
  1572 | D:2      | Found Qeocecs's Book Shop.
  1618 | D:2      | Learned a level 2 spell: Blink
  1877 | D:2      | Noticed Sigmund
  3154 | D:4      | Reached XP level 6. HP: 45/47 MP: 9/11
  3237 | D:4      | Reached skill level 5 in Ranged Weapons
  3237 | D:4      | Reached skill level 5 in Dodging
  3456 | D:4      | Reached XP level 7. HP: 52/52 MP: 8/12
  3491 | D:4      | Learned a level 3 spell: Inner Flame
  3676 | D:4      | Found a blossoming altar of Fedhas.
  3931 | D:4      | Became a worshipper of Fedhas Madash
  4199 | D:5      | Entered Level 5 of the Dungeon
  4280 | D:5      | Noticed Eustachio
  4412 | D:4      | Reached XP level 8. HP: 60/60 MP: 11/14
  4500 | D:5      | Found a staircase to the Ecumenical Temple.
  4505 | Temple   | Entered the Ecumenical Temple
  4738 | D:5      | Reached * piety under Fedhas
  4743 | D:5      | Learned a level 3 spell: Volatile Blastmotes
  5094 | D:5      | HP: 1/57 [ice beast (9)]
  6074 | D:5      | Noticed Grinder
  6312 | D:6      | Slain by a black bear

Illustrated notes

Levels and vault maps discovered:
D:1:      psy_arrival_whirlpool, layout_basic
D:2:      layout_rooms, serial_shops, shop, uniq_sigmund
D:3:      layout_basic
D:4:      layout_rooms, fedhas_altar_decomposition, serial_rivers,
          chequers_serial_rivers_room_b, chequers_serial_rivers_micro_a,
          chequers_serial_rivers_small_3, chequers_serial_rivers_small_b,
          grunt_decor_cap
D:5:      layout_loops_ring, minmay_temple_entry_statues_pillars, serial_undead,
          serial_undead_b, serial_undead_d, serial_undead_f, serial_undead_f,
          nrook_loot_triangle, uniq_grinder, uniq_eustachio
D:6:      layout_cave_pods
Temple:   nicolae_temple_ecumenical_triangle

Skill      XL: |  1  2  3  4  5  6  7  8 |
---------------+-------------------------+-----
Fire Magic     | 2 3 |  3.8
Invocations    | 1 2 3 4 |  4.2
Short Blades   | 1 2 3 |  3.8
Long Blades    | 1 2 3 |  3.8
Axes           | 1 2 3 |  3.8
Maces & Flails | 1 2 3 |  3.8
Polearms       | 1 2 3 |  3.8
Staves         | 1 2 3 |  3.8
Throwing       | 1 2 3 |  3.8
Armour         | 1 2 3 |  3.8
Stealth        | 1 2 3 |  3.8
Shields        | 1 2 3 |  3.8
Unarmed Combat | 1 2 3 |  3.8
Evocations     | 1 2 3 |  3.8
Shapeshifting  | 1 2 3 |  3.4
Spellcasting   | 3 4 |  4.8
Conjurations   | 1 2 3 |  3.1
Summonings     | 1 2 3 |  3.1
Necromancy     | 1 2 3 |  3.1
Translocations | 1 2 3 |  3.1
Ice Magic      | 1 2 3 |  3.1
Air Magic      | 1 2 3 |  3.1
Earth Magic    | 1 2 3 |  3.1
Alchemy        | 1 2 3 |  3.1
Fighting       | 3 4 |  4.6
Ranged Weapons | 5 6 |  6.0
Dodging        | 5 6 |  6.0
Hexes          | 6 |  6.3

Action                     |  1- 3 |  4- 6 |  7- 9 || total
---------------------------+-------+-------+-------++-------
  Melee: Short sword       |     5 |    30 |    46 ||    81
         Bite              |       |     2 |     2 ||     4
         Whip              |       |       |     6 ||     6
         Punch             |       |       |     3 ||     3
   Fire: Sling             |    66 |   151 |   166 ||   383
  Throw: Dart              |       |       |     1 ||     1
   Cast: Sandblast         |     7 |     3 |     3 ||    13
         Jinxbite          |     8 |    20 |    22 ||    50
         Sigil of Binding  |       |     9 |    12 ||    21
         Blink             |       |     1 |     4 ||     5
         Inner Flame       |       |       |     3 ||     3
         Volatile Blastmot |       |       |     3 ||     3
    Use: Scroll            |     1 |     3 |     6 ||    10
         Potion            |       |       |     2 ||     2
   Stab: Sleeping          |       |     1 |       ||     1
 Armour: Leather armour    |    20 |    27 |   102 ||   149
  Dodge: Dodged            |    26 |    41 |   115 ||   182
